 Dungeon Crawl Stone Soup version 0.27-a0-1200-g94dc6ad4cf (webtiles) character file.

Game seed: 5747420678502348180

397 Khashishi the Covert (level 6, -3/28 HPs)
             Began as a Felid Delver on May 31, 2021.
             Slain by an orc
             ... wielding a +0 flail
              (5 damage)
             ... on level 4 of the Dungeon.
             The game lasted 00:25:03 (5494 turns).

Khashishi the Covert (Felid Delver)                 Turns: 5494, Time: 00:25:03

Health: -3/28      AC:  2    Str:  8    XL:     6   Next: 53%
Magic:  8/9        EV: 19    Int: 13    God:
Gold:   128        SH:  0    Dex: 18    Spells: 2/7 levels left
                                        Lives:  0   Deaths: 1

rFire    . . .     SeeInvis +     - Unarmed
rCold    . . .     Faith    .   (shield unavailable)
rNeg     . . .     Spirit   .   (armour unavailable)
rPois    .         Reflect  .   (helmet unavailable)
rElec    .         Harm     .   (cloak unavailable)
rCorr    .         Rampage  .   (gloves unavailable)
Will     .....                  (boots unavailable)
Stlth    ++........             p - amulet of the acrobat
HPRegen  0.09/turn              (no ring)
MPRegen  0.11/turn              (no ring)

@: confused, invisible, quick
A: very small, claws 1, fangs 3, see invisible, speed 1, shaggy fur 2, stealthy
paws, no weapons or thrown items, no armour, multi-lived
a: no special abilities


You were on level 4 of the Dungeon.
You visited 1 branch of the dungeon, and saw 6 of its levels.
You also visited: Ossuary.

You collected 128 gold pieces.

Inventory:

Jewellery
 o - an amulet of magic regeneration
 p - an amulet of the acrobat (around neck)
Wands
 e - a wand of digging (3)
 k - a wand of polymorph (7)
Scrolls
 a - a scroll of fog
 b - a scroll of magic mapping
 c - a scroll of fear
 f - 4 scrolls of amnesia
 l - a scroll of enchant armour
 r - 3 scrolls of teleportation
Potions
 d - a potion of haste
 g - a potion of heal wounds
 h - a potion of attraction
 m - a potion of flight {unknown}


   Skills:
 - Level 4.0 Fighting
 + Level 5.0 Dodging
 + Level 8.1 Stealth
 + Level 3.7 Unarmed Combat
 + Level 1.4 Spellcasting
 + Level 2.5 Hexes
 + Level 1.1 Ice Magic


You had 2 spell levels left.
You knew the following spells:

 Your Spells              Type           Power      Damage    Failure   Level
a - Ensorcelled Hibernat  Hex/Ice        10%        N/A       19%         2
b - Confusing Touch       Hex            7%         N/A       28%         3

Your spell library contained the following spells:

 Spells                   Type           Power      Damage    Failure   Level
 Corona                   Hex            7%         N/A       10%         1
 Animate Skeleton         Necr           0%         N/A       26%         1
 Pain                     Necr           0%         1d4       26%         1
 Tukima's Dance           Hex            7%         N/A       28%         3
 Dazzling Flash           Conj/Hex       8%         N/A       43%         3
 Gell's Gravitas          Tloc           0%         N/A       63%         3
 Vampiric Draining        Necr           0%         2d6       63%         3
 Animate Dead             Necr           0%         N/A       95%         4
 Petrify                  Tmut/Erth      0%         N/A       95%         4
 Metabolic Englaciation   Hex/Ice        2%         N/A       98%         5
 Yara's Violent Unravell  Hex/Tmut       2%         3d3       99%         5
 Agony                    Necr           0%         N/A       100%        5


Dungeon Overview and Level Annotations

Branches:
Dungeon (6/15)            Ossuary (visited)
 Temple: D:4-7

Altars:

Shops:
D:1 =

Annotations:
D:5 Grinder


Innate Abilities, Weirdness & Mutations

You have sharp claws.
You have razor-sharp teeth.
You have supernaturally acute eyesight. (SInv)
You cover ground quickly. (Speed+)
You are covered in thick fur. (AC +2)
Your paws help you pounce on unaware monsters.
You are incapable of wielding weapons or throwing items.
You cannot wear armour.
You gain extra lives every three experience levels.


Message History

You scratch the orc wizard. You bite the orc wizard.
The orc wizard is moderately wounded.
You miss the orc wizard.
The orc wizard is moderately wounded.
The orc wizard hits you with a +0 dagger.
The orc closely misses you.
You closely miss the orc wizard.
The orc wizard is moderately wounded.
The orc wizard hits you with a +0 dagger.
The orc hits you with a +0 whip.
You scratch the orc wizard.
The orc wizard is heavily wounded.
The orc wizard hits you with a +0 dagger.
The orc wizard hits you with a +0 dagger.
You scratch the orc wizard.
The orc wizard is almost dead.
The orc wizard completely misses you. The orc completely misses you.
The orc wizard gestures at you while chanting.
You are confused.
You scratch the orc wizard but do no damage.
You bite the orc wizard, but do no damage.
The orc wizard is almost dead.
The orc misses you. The orc hits you with a +0 whip.
The orc wizard hits you with a +0 dagger.
Okay, then.
You miss the orc.
The orc wizard gestures at you while chanting.
You easily resist.
The orc hits you with a +0 whip. The orc barely misses you.
You scratch the orc. Your bite misses the orc.
The orc is lightly wounded.
The orc wizard hits you with a +0 dagger.
* * * LOW HITPOINT WARNING * * *
The orc closely misses you. The orc hits you with a +0 flail.
* * * LOW HITPOINT WARNING * * *
It was a potion of invisibility.
You fade into invisibility!
The orc wizard closely misses you. The orc misses you.
The orc hits you with a +0 flail.
You die...

#.......+................
#.......#.........(......
#.....####.##..###....###
#.....####.#######....###
#....(..........#.......)
#...............#........
#...............#..).....
#...............'........
#..^....@.......#....<...
#......ooo......#....>...
#...>...........#........
#.....##...###..####+#..#
#..)..##...# #..# ..###
#...........+..... ...
#...........#.>.......
#...........#.........
#...........# ....


You could see an orc wizard and 2 orcs.

Vanquished Creatures
  An ogre (D:4)
  A scorpion (D:3)
  A water moccasin zombie (Ossuary)
  A centaur skeleton (D:3)
  Crazy Yiuf (D:2)
  An iguana (D:5)
  Natasha (D:4)
  A mummy (Ossuary)
  Robin (D:2)
  An adder (D:3)
  2 ufetubi (D:3)
  An adder skeleton (D:4)
  7 adder zombies (Ossuary)
  2 dart slugs (D:2)
  3 orcs
  5 bats
  3 endoplasms
  A giant cockroach (D:2)
  3 gnoll zombies (Ossuary)
  8 goblins
  8 hobgoblins
  9 kobolds
  2 quokkas
  2 ball pythons
  A frilled lizard (D:1)
  2 hobgoblin zombies (Ossuary)
  7 kobold zombies (Ossuary)
  5 orc zombies (Ossuary)
  2 rats
83 creatures vanquished.

Notes
Turn   | Place    | Note
-------+----------+-------------------------------------------
     0 | D:5      | Khashishi the Felid Delver began the quest for the Orb.
     0 | D:5      | Reached XP level 1. HP: 10/10 MP: 2/2
    50 | D:6      | Noticed a phantom
    65 | D:6      | Found a sand-covered staircase.
    90 | Ossuary  | Entered an ossuary
   278 | Ossuary  | Reached XP level 2. HP: 6/14 MP: 3/3
   788 | Ossuary  | Reached skill level 7 in Stealth
   788 | Ossuary  | Reached XP level 3. HP: 8/17 MP: 4/4
  1337 | Ossuary  | Reached XP level 4. HP: 21/21 MP: 5/5
  1843 | Ossuary  | Slain by a mummy
  1844 | Ossuary  | Reached XP level 3. HP: -2/17 MP: 4/4
  1944 | D:5      | Reached XP level 4. HP: 12/22 MP: 5/5
  1947 | D:5      | Noticed Grinder
  2095 | D:4      | Noticed an ogre
  2103 | D:4      | Noticed a scorpion
  2714 | D:1      | Learned a level 2 spell: Ensorcelled Hibernation
  2762 | D:1      | Found Noirevog's Jewellery Shop.
  3229 | D:2      | Identified the +1 helmet of the Hurricane {Rampage Fly
                  | Int-4}
  3229 | D:2      | Noticed Robin
  3535 | D:3      | Reached XP level 5. HP: 11/25 MP: 6/6
  3809 | D:3      | Reached skill level 1 in Hexes
  4381 | D:2      | Found a runed translucent door.
  4382 | D:2      | Noticed Crazy Yiuf
  4389 | D:2      | Killed Crazy Yiuf
  4805 | D:2      | Killed Robin
  4950 | D:4      | Noticed Natasha
  5266 | D:3      | Reached skill level 1 in Spellcasting
  5266 | D:3      | Gained mutation: You are covered in thick fur. (AC +2)
                  | [Felid growth]
  5266 | D:3      | Reached XP level 6. HP: 27/28 MP: 6/8
  5379 | D:4      | Killed Natasha
  5380 | D:4      | Reached skill level 8 in Stealth
  5453 | D:4      | Reached skill level 5 in Dodging
  5453 | D:4      | Reached skill level 1 in Ice Magic
  5457 | D:4      | Learned a level 3 spell: Confusing Touch
  5494 | D:4      | Slain by an orc

Illustrated notes

Levels and vault maps discovered:
D:1:      grunt_arrival_crossed_arrows, layout_loops_ring, serial_shops, shop
D:2:      layout_loops_cross, kennysheep_generic_room_9, uniq_robin,
          uniq_crazy_yiuf_cottage
D:3:      layout_loops_cross
D:4:      layout_gridville, minmay_unequal, uniq_natasha, uniq_blork_the_orc
D:5:      gammafunk_cloud_chamber, layout_layer_cave, minmay_temple_entry_grid,
          uniq_grinder
D:6:      layout_basic, serial_shops, nicolae_shop_trees,
          nicolae_ossuary_entry_false_entrances, chequers_serial_rivers_small_3,
          minmay_splitting_lines, minivault_4

Skill      XL: |  1  2  3  4  5  6 |
---------------+-------------------+-----
Dodging        | 3 4 5 |  5.0
Stealth        | 7 8 |  8.1
Unarmed Combat | 3 |  3.7
Fighting       | 4 |  4.0
Hexes          | 2 |  2.5
Spellcasting   | 1 |  1.4
Ice Magic      | 1 |  1.1

Action                   |  1- 3 |  4- 6 || total
-------------------------+-------+-------++-------
Melee: Unarmed           |    84 |   197 ||   281
       Bite              |     8 |    24 ||    32
       Punch             |       |     1 ||     1
 Cast: Ensorcelled Hiber |       |     6 ||     6
  Use: Potion            |     1 |     4 ||     5
       Scroll            |       |    11 ||    11
 Stab: Sleeping          |     9 |    13 ||    22
       Distracted        |     1 |       ||     1
Armor: Skin              |     4 |     6 ||    10
Dodge: Dodged            |    51 |   172 ||   223

Table legend: (Time is in decaauts)
 A = Elapsed time spent in this place.
 B = Non-inter-level travel time spent in this place.
 C = Inter-level travel time spent in this place.
 D = Time resting spent in this place.
 E = Time spent auto-exploring this place.
 F = Levels seen in this place.
 G = Mean time per level.
                   A        B        C        D        E       F      G
               +--------+--------+--------+--------+--------+-----+--------+
         Total |   4887 |   4719 |    168 |   1844 |    930 |   7 |  698.1 |
       Dungeon |   3161 |   2993 |    168 |    532 |    928 |   6 |  526.8 |
       Ossuary |   1725 |   1725 |      0 |   1312 |      2 |   1 | 1725.0 |
               +--------+--------+--------+--------+--------+-----+--------+

Top non-repeatable levels by time:
 Ossuary: 1725 daAuts
     D:3: 1188 daAuts
     D:1: 922 daAuts
     D:2: 656 daAuts
     D:5: 163 daAuts
     D:4: 149 daAuts
     D:6: 81 daAuts
